[Event "Late-Titled-Tuesday-Blitz-April-23-2024"]
[Site "Chess.com"]
[Date "2024.04.23"]
[Round "9"]
[White "Mikhail_Bryakin"]
[Black "jcibarra"]
[Result "1/2-1/2"]
[WhiteElo "2829"]
[BlackElo "2985"]
[TimeControl "180+1"]
[EndTime "15:46:27 PDT"]
[Termination "Game drawn by repetition"]

1. Nf3 d6 2. d4 g6 3. b3 Bg7 4.
Bb2 Nd7 5. Nbd2 e5 6. e3 Nh6 7. Be2 O-O 8. O-O f5 9. c4 g5 10. Qc2 g4 11. Ne1 Qe7 12. d5 e4 13. Bxg7 Qxg7 14.
Rb1 Ne5 15. g3 Nf3+ 16. Kh1 Nf7 17. Ng2 N7e5 18. Nf4 Rf6 19. h4 Rh6 20. Kg2 Ng6 21. Rh1 Nxf4+ 22. exf4 Bd7 23. Nf1 a5 24. Ne3 b6 25. Rbd1 Rf6 26. Rb1 Rff8 27. Qb2 Qe7 28. Rhd1 h6 29. Qc3 Kh7 30. a3 Ra7 31. Rb2 Rfa8 32.
Rc1 Kg6 33. Rd1 h5 34. Rc1 Be8 35. Rd1 Bd7 36. Rc1 Rb8 37. Qc2 Raa8 38. Rd1 Qf6 39. Rbb1 Rh8 40. Rbc1 Ra7 41. Qc3 Rha8 42. Qxf6+ Kxf6 43.
Bxf3 gxf3+ 44. Kf1 Rb8 45. Ke1 Ke7 46. Kd2 Ra6 47.
Rc2 Kf6 48. Rdc1 Rb7 49. Nd1 Rb8 50. Ke3 Rg8 51. Kd4 Raa8 52. Ne3 Ra7 53. Rb2 Rga8 54. Nc2 Ke7 55. Ne3 Kf6 56. Ra1 Rb8 57. Rab1 Re8 58. Ra2 Rea8 59. Rbb2 Ra6 60. Ra1 Ke7 61. Rba2 R6a7 62.
Nd1 Kf6 63. Nc3 Re8 64. b4 Raa8 65. Rb1 axb4 66. axb4 Rxa2 67. Nxa2 Ra8 68. Nc3 Ra3 69. Rb2 Ra1 70. Rb1 Ra3 71. Rb2 Ke7 72. Rb1 Kf6 1/2-1/2

[Event "Late-Titled-Tuesday-Blitz-April-23-2024"]
[Site "Chess.com"]
[Date "2024.04.23"]
[Round "9"]
[White "ArtemDyachuk"]
[Black "ural58"]
[Result "1-0"]
[WhiteElo "2727"]
[BlackElo "2556"]
[TimeControl "180+1"]
[EndTime "15:46:27 PDT"]
[Termination "ArtemDyachuk won by resignation"]

1. e4 d5 2. exd5 Qxd5 3. Nc3 Qa5 4. Nf3 Nc6 5. Be2 Bg4 6. b4 Nxb4 7. Rb1 O-O-O 8. a3 Nd5 9. Rb5 Nxc3 10. Rxa5 Nxd1 11. Rxa7 Kb8 12. Ra4 Nxf2 13. Kxf2 Bd7 14. Rd4 e5 15.
Rh4 Be7 16. Rh5 f6 17. Bb2 Nh6 18. Rb1 Ng4+ 19. Ke1 g6 20. Rh4 f5 21. Rxg4 fxg4 22. Nxe5 Rhe8 23. Nf7 Rf8 24. Nxd8 Bxd8 25. Be5 h5 26. g3 Bc6 27. d4 Bf6 28. Bxf6 Rxf6 29. c4 Be4 30. Rb3 c6 31. Re3 Bc2 32. Rc3 Ba4 33.
Re3 b6 34. Bd3 Kc7 35. Kd2 Kd6 36. Kc3 Rf3 37. Rxf3 gxf3 38. Bxg6 f2 39. Bd3 b5 40. Kd2 bxc4 41. Bxc4 c5 42. dxc5+ Kxc5 43. Bf1 Kd4 44. Ke2 Kc3 45. Kxf2 h4 46. gxh4 Kb2 47. Bd3 Kxa3 48. h5 Bb3 49. h6 Bg8 50. Ke3 Kb4 51. Kd4 Ka5 52. Ke5 Kb6 53. Kf6 Kc7 54. Kg7 1-0

[Event "Late-Titled-Tuesday-Blitz-April-23-2024"]
[Site "Chess.com"]
[Date "2024.04.23"]
[Round "9"]
[White "merinasian"]
[Black "Jahonas"]
[Result "1-0"]
[WhiteElo "2521"]
[BlackElo "2390"]
[TimeControl "180+1"]
[EndTime "15:46:29 PDT"]
[Termination "merinasian won by resignation"]

1. d4 Nf6 2. Nf3 e6 3. g3 d5 4. Bg2 Bd6 5. O-O O-O 6. c4 c6 7. Nc3 Nbd7 8. Nd2 Re8 9. e4 dxe4 10. Ndxe4 Be7 11. c5 Nxe4 12. Nxe4 Nf6 13. f4 Nxe4 14. Bxe4 Bf6 15. Be3 Qc7 16. Qc2 g6 17. Rab1 Rd8 18. Rfd1 Bd7 19. b4 a6 20. a4 Be8 21. Bf2 Qe7 22. Rb3 Qf8 23. Rbd3 Qg7 24. b5 axb5 25. axb5 Ra5 26. b6 Rda8 27. R3d2 h5 28. Bg2 Qh6 29. Be3 h4 30. Qe4 h3 31. Bf1 Ra3 32. Bf2 Bd7 33. Rd3 Ra2 34. R3d2 Qh5 35. Rxa2 Rxa2 36.
Qd3 g5 37. fxg5 Bxg5 38. Re1 Bf6 39. Qe4 Qh6 40. Qf3 Qg7 41. Qf4 Ra4 42. Qb8+ Kh7 43. Qxb7 Bxd4 44. Qxd7 Bxf2+ 45. Kxf2 Ra2+ 46. Re2 Qf6+ 47.
Kg1 Rxe2 48. Bxe2 Qa1+ 49. Kf2 Qf6+ 50. Bf3 Qb2+ 51. Ke3 Qc1+ 52. Ke4 Kg6 53. Qd3 f5+ 54.
Ke5 Qb2+ 55. Kxe6 Qf6+ 56. Kd7 Qf7+ 57. Kxc6 1-0

[Event "Late-Titled-Tuesday-Blitz-April-23-2024"]
[Site "Chess.com"]
[Date "2024.04.23"]
[Round "9"]
[White "Onischuk_V"]
[Black "BogdanDeac"]
[Result "0-1"]
[WhiteElo "2838"]
[BlackElo "3046"]
[TimeControl "180+1"]
[EndTime "15:46:30 PDT"]
[Termination "BogdanDeac won on time"]

1. e4 e5 2. Nf3 Nc6 3. Bb5 a6 4. Ba4 Nf6 5. O-O Nxe4 6. d4 b5 7. Bb3 d5 8. dxe5 Be6 9. c3 Bc5 10. Qe2 O-O 11. Nbd2 Bf5 12. Nxe4 dxe4 13. Ng5 Qd3 14.
Qxd3 exd3 15. e6 fxe6 16. Nxe6 Bxe6 17. Bxe6+ Kh8 18. Bd5 Rad8 19. Bxc6 d2 20. Bxd2 Rxd2 21. Bf3 Rxb2 22. a4 Rd8 23. axb5 axb5 24. h3 g6 25. Rab1 Bxf2+ 26. Kh2 Rdd2 27. Rxb2 Rxb2 28. Rd1 Bc5 29.
Rd8+ Kg7 30. Rd7+ Kf6 31. Kg3 Bd6+ 32. Kg4 h5+ 33. Kh4 Rc2 34. Bd5 Rxc3 35. Rf7+ Ke5 36. Bf3 b4 37. Kg5 b3 38. Kxg6 b2 39. Rf5+ Kd4 40.
Rb5 Ba3 41. Bxh5 Rc1 0-1

[Event "Late-Titled-Tuesday-Blitz-April-23-2024"]
[Site "Chess.com"]
[Date "2024.04.23"]
[Round "9"]
[White "Bykov_Egor"]
[Black "dosto07"]
[Result "1-0"]
[WhiteElo "2615"]
[BlackElo "2493"]
[TimeControl "180+1"]
[EndTime "15:46:32 PDT"]
[Termination "Bykov_Egor won by resignation"]

1. d4 d5 2. c4 dxc4 3. Nf3 Nf6 4. e3 e6 5. Bxc4 a6 6. O-O c5 7. Qe2 Nc6 8. dxc5 Bxc5 9. Rd1 Qc7 10. a3 O-O 11. b4 Ba7 12. Bb2 e5 13. h3 Bf5 14. Nbd2 e4 15. Bxf6 gxf6 16. Nh4 Qe5 17. Nxf5 Qxf5 18. Qg4+ Qxg4 19. hxg4 Ne5 20. Be2 Rfe8 21.
Nxe4 Nxg4 22. Nd6 Nxf2 23. Nxe8 Nxd1 24. Nxf6+ Kg7 25. Nh5+ Kh6 26. Rxd1 Bxe3+ 27. Kf1 Rc8 28. Nf6 Kg5 29. Nd5 Bc1 30. a4 f5 31. g3 Ba3 32.
Kf2 Rc2 33. Kf3 Rb2 34. b5 Rb3+ 35. Rd3 Rxd3+ 36. Bxd3 axb5 37. axb5 Bc5 38. Nf4 Kf6 39. Bc4 b6 40. Bg8 h6 41. Bd5 Bd6 42. Bc6 Ke5 43. Nd5 Bc5 44. Ne3 Bd4 45. Ng2 Kf6 46. Nh4 Kg5 47. Ng2 Bc5 48. Bd7 h5 49. Ne3 Bxe3 50.
Kxe3 Kg4 51. Kf2 Kg5 52. Kf3 h4 53. gxh4+ Kxh4 54. Bxf5 Kg5 55. Ke4 Kf6 56. Bh3 Ke7 57.
Kd5 Kd8 58. Kc6 Ke7 59. Kxb6 1-0

[Event "Late-Titled-Tuesday-Blitz-April-23-2024"]
[Site "Chess.com"]
[Date "2024.04.23"]
[Round "9"]
[White "Statham_01"]
[Black "Cluke86"]
[Result "1-0"]
[WhiteElo "2546"]
[BlackElo "2350"]
[TimeControl "180+1"]
[EndTime "15:46:32 PDT"]
[Termination "Statham_01 won by checkmate"]

1. e4 d6 2. d4 Nf6 3. Nc3 e5 4. Nf3 Nbd7 5. g4 Nxg4 6. Rg1 Ngf6 7. Bc4 c6 8. Ng5 d5 9. exd5 Nb6 10. Bb3 Nfxd5 11. Qf3 Qf6 12. Nxd5 Nxd5 13. Bxd5 cxd5 14. dxe5 Qxf3 15. Nxf3 Bf5 16. Bd2 Rc8 17. Bc3 Be4 18.
Nd4 Bg6 19. O-O-O Bc5 20. Nb5 a6 21. Nd6+ Bxd6 22. exd6 Kd7 23. Rxd5 Rhe8 24. f4 Be4 25. Rd2 g6 26. a3 b5 27. Be5 Rc6 28. c3 a5 29. Rd4 Bf5 30. Rd5 Rb8 31. Re1 Be6 32. Rd4 b4 33. axb4 axb4 34. Re3 b3 35. Ra4 Rb7 36. Kd2 Rc5 37. Ree4 Rd5+ 38. Red4 Rxd4+ 39. Rxd4 Ra7 40. Rb4 Ra2 41. c4 Ra7 42. Kc3 Kc6 43.
Rxb3 Ra1 44. Kd2 Rh1 45. Rd3 Rxh2+ 46. Kc3 Bf5 47. d7 Bxd7 48. Rd6+ Kc5 49. b4# 1-0

[Event "Late-Titled-Tuesday-Blitz-April-23-2024"]
[Site "Chess.com"]
[Date "2024.04.23"]
[Round "9"]
[White "jefferyx"]
[Black "ChristopherYoo"]
[Result "1/2-1/2"]
[WhiteElo "3110"]
[BlackElo "3020"]
[TimeControl "180+1"]
[EndTime "15:46:34 PDT"]
[Termination "Game drawn by repetition"]

1. d4 Nf6 2. c4 e6 3. Nc3 Bb4 4. Nf3 b6 5. e3 Bb7 6. Bd3 O-O 7. O-O d5 8. cxd5 exd5 9. Ne5 Bd6 10. f4 c5 11. Qf3 Nc6 12. Qh3 cxd4 13. Nxd5 h6 14. Nxf6+ Qxf6 15. Nd7 Qe7 16. Nxf8 Rxf8 17. e4 Nb4 18. e5 Nxd3 19. Qxd3 Bc5 20. Bd2 Qe6 21. Rf2 Qd5 22. b3 Qe4 23. Qxe4 Bxe4 24. b4 Be7 25. Rc1 a5 26. a3 Ra8 27. f5 axb4 28. Bxb4 Bg5 29. Bd2 Bxd2 30. Rxd2 Bxf5 31. Rxd4 Rxa3 32.
Rd8+ Kh7 33. Re1 Rb3 34. Kf2 b5 35. Rb8 Be6 36. Re3 Rb2+ 37. Re2 Rb1 38. Re1 Rb2+ 39. Re2 Rb1 40. h4 h5 41. g3 Rb3 42. Re3 Rb2+ 43. Re2 Rb1 44. Re1 Rb2+ 45. Re2 Rb1 46. Rc2 b4 47. Re2 b3 48. Re1 Rb2+ 49. Re2 Rc2 50. Ke3 Rc3+ 51. Kf4 Rc4+ 52. Re4 Rc3 53. Re3 Rc4+ 54.
Re4 Rc3 55. Re3 Rc4+ 56. Re4 1/2-1/2

[Event "Late-Titled-Tuesday-Blitz-April-23-2024"]
[Site "Chess.com"]
[Date "2024.04.23"]
[Round "9"]
[White "Rodalquilar"]
[Black "Nf3c5"]
[Result "1-0"]
[WhiteElo "2743"]
[BlackElo "2616"]
[TimeControl "180+1"]
[EndTime "15:46:34 PDT"]
[Termination "Rodalquilar won on time"]

1. d4 Nf6 2. Nf3 g6 3. Bf4 Bg7 4. e3 d6 5. Be2 O-O 6. O-O Nfd7 7. e4 e5 8. Bg5 Qe8 9. Nc3 c6 10. dxe5 dxe5 11. Qd6 f6 12. Be3 Nb6 13. a4 Be6 14. b3 Rf7 15. a5 Rd7 16. Qb4 Bf8 17. Bc5 Bxc5 18. Qxc5 Nc8 19. Rfd1 Rxd1+ 20. Rxd1 Nd7 21. Qb4 Rb8 22. Nd2 Qe7 23. Qa4 Nc5 24. Qa3 b5 25.
axb6 axb6 26. Bc4 Kf7 27. b4 Bxc4 28. Nxc4 Ne6 29. Ne2 c5 30. b5 Nd4 31. Nc3 Nd6 32. Nxd6+ Qxd6 33. Qa2+ Kg7 34. Nd5 Nxb5 35. Ne3 Nd4 36.
c3 Qe6 37. Qa7+ Qf7 38. Qxb8 Ne2+ 39. Kf1 Nxc3 40. Ra1 Kh6 41. Qxb6 Nxe4 42. Qb1 1-0

[Event "Late-Titled-Tuesday-Blitz-April-23-2024"]
[Site "Chess.com"]
[Date "2024.04.23"]
[Round "9"]
[White "CarlosjPineror"]
[Black "BabageldiAnnaberdiyev"]
[Result "1/2-1/2"]
[WhiteElo "2758"]
[BlackElo "2608"]
[TimeControl "180+1"]
[EndTime "15:46:36 PDT"]
[Termination "Game drawn by stalemate"]

1. e4 e6 2. d3 d5 3. Nd2 Nf6 4. Ngf3 Nc6 5. c3 dxe4 6. dxe4 e5 7. a4 a5 8. Bc4 Bc5 9. O-O O-O 10. h3 h6 11. Qe2 Qe7 12. Nh4 Be6 13. Nf5 Bxf5 14. exf5 e4 15. Nb3 Bd6 16. f4 exf3 17. Qxf3 Ne5 18.
Qe2 Nxc4 19. Qxc4 c6 20. Bf4 Bxf4 21. Qxf4 Nd5 22. Qg3 Rfe8 23. Rae1 Qf6 24. Rxe8+ Rxe8 25. Nxa5 Re2 26. Rf2 Re1+ 27. Kh2 Ne3 28. Qf4 b5 29.
Rf3 Nd5 30. Qd4 Qxd4 31. cxd4 bxa4 32. Nxc6 Re2 33. Ra3 Rxb2 34. Rxa4 Nf4 35. Ra8+ Kh7 36. Kg3 Nxg2 37. Re8 g5 38. fxg6+ fxg6 39. Re7+ Kg8 40.
h4 g5 41. hxg5 hxg5 42. Re5 Kf7 43. Rxg5 Ne3 44. Kf4 Nc4 45. Ne5+ Nxe5 46. Rxe5 Rb6 47. Ke4 Ra6 48. Kd3 Ra4 49. Kc3 Kf6 50. Re4 Kf5 51.
Re3 Ra3+ 52. Kd2 Rxe3 53. Kxe3 Ke6 54. Kd3 Kd5 55. Kc3 Kd6 56. Kd3 Kd5 57. Ke3 Kd6 58. Ke4 Ke6 59. d5+ Kd6 60. Kd4 Kd7 61. Kc4 Kd6 62.
Kd4 Kd7 63. Ke5 Ke7 64. Kf5 Kd6 65. Ke4 Kd7 66. Ke5 Ke7 67. d6+ Kd7 68. Kd5 Kd8 69.
Ke6 Ke8 70. Kf6 Kd7 71. Ke5 Kd8 72. Kf5 Kd7 73. Ke5 Kd8 74. Ke6 Ke8 75. Kd5 Kd7 76. Kc5 Kd8 77. Kb6 Kd7 78. Kc5 Kd8 79. Kc6 Kc8 80.
d7+ Kd8 81. Kd6 1/2-1/2

[Event "Late-Titled-Tuesday-Blitz-April-23-2024"]
[Site "Chess.com"]
[Date "2024.04.23"]
[Round "9"]
[White "jinbojinbo"]
[Black "elmusmolamas"]
[Result "0-1"]
[WhiteElo "2616"]
[BlackElo "2521"]
[TimeControl "180+1"]
[EndTime "15:46:37 PDT"]
[Termination "elmusmolamas won on time"]

1. c4 b6 2. Nc3 Bb7 3. d4 e6 4. e4 Bb4 5. f3 Bxc3+ 6. bxc3 Qh4+ 7. g3 Qe7 8. Bd3 d6 9. Ne2 Nd7 10. Be3 Ngf6 11. g4 O-O-O 12. Ng3 h5 13. g5 Ne8 14.
h4 d5 15. cxd5 exd5 16. Qa4 Kb8 17. O-O-O dxe4 18. fxe4 Qe6 19. Rhg1 g6 20. e5 Qg4 21. Bb5 a6 22. Bxa6 Nxe5 23. Bxb7 Kxb7 24. Nxh5 Qe4 25. Bf4 Nd3+ 26. Rxd3 Qxd3 27. Ng3 Qxc3+ 28. Kb1 Qd3+ 29. Ka1 Qxd4+ 30. Qxd4 Rxd4 31. Be5 Rhxh4 32. Bxd4 Rxd4 33. Re1 Nd6 34. Kb1 Rg4 35. Ne2 Rxg5 36. Nc3 Rc5 37. Kb2 g5 38. Re7 f5 39. Rg7 f4 40. Kb3 f3 41. Nd1 Ne4 42. Re7 f2 43. Rf7 Rc1 0-1

[Event "Late-Titled-Tuesday-Blitz-April-23-2024"]
[Site "Chess.com"]
[Date "2024.04.23"]
[Round "9"]
[White "ReadySkate"]
[Black "platy3"]
[Result "0-1"]
[WhiteElo "2713"]
[BlackElo "2886"]
[TimeControl "180+1"]
[EndTime "15:46:38 PDT"]
[Termination "platy3 won on time"]

1. d4 Nf6 2. c4 e6 3. Nc3 d5 4. cxd5 exd5 5. Bg5 Bb4 6. a3 h6 7. Bxf6 Bxc3+ 8. bxc3 Qxf6 9. e3 O-O 10. Bd3 c5 11. Ne2 b6 12. O-O Ba6 13. Bxa6 Nxa6 14. Qd3 c4 15. Qd2 Nc7 16. f3 Rfe8 17. Ng3 Qg5 18. Rae1 Nb5 19. a4 Nd6 20. Qc1 f5 21. Qa3 Re6 22. e4 fxe4 23. fxe4 Nxe4 24. Nxe4 dxe4 25. Qb4 Qd5 26. Re3 Rae8 27. Rfe1 Rf6 28. h3 Kh8 29. Qb1 Rfe6 30. Qb5 Qxb5 31. axb5 Kg8 32.
Ra1 R8e7 33. Ra4 Rc7 34. Kf2 Kf7 35. Kg3 Ke7 36. Kf4 g5+ 37. Kf5 Kd6 38. Kg4 Kd5 39.
Ra1 Rf6 40. Rae1 Re7 41. Kh5 Ree6 42. Ra1 Rf4 43. g3 Rf3 44. Ree1 Rxg3 45. Rh1 e3 46.
Rxa7 e2 47. Raa1 Ree3 0-1

[Event "Late-Titled-Tuesday-Blitz-April-23-2024"]
[Site "Chess.com"]
[Date "2024.04.23"]
[Round "9"]
[White "kripri"]
[Black "ATM622"]
[Result "0-1"]
[WhiteElo "2339"]
[BlackElo "2517"]
[TimeControl "180+1"]
[EndTime "15:46:38 PDT"]
[Termination "ATM622 won by resignation"]

1. e4 c6 2. d4 d5 3. e5 c5 4.
dxc5 e6 5. Be3 Qc7 6. Qd4 Ne7 7. Nf3 Nf5 8. Bb5+ Bd7 9. Qa4 Nxe3 10. fxe3 Qxc5 11.
Bxd7+ Nxd7 12. Qd4 Qc7 13. Nc3 a6 14. O-O Bc5 15.
Qf4 O-O 16. Kh1 b5 17. e4 d4 18.
Ne2 f6 19. exf6 Qxf4 20. Nxf4 Rxf6 21. Nd3 Bb6 22. a4 Rc8 23. axb5 axb5 24. Rf2 h6 25. Re2 g5 26. h3 Kg7 27. Ra6 Rb8 28. e5 Rf7 29.
Re4 Rc8 30. Nxd4 Bxd4 31. Rxd4 Rxc2 32. Rxe6 Rd2 33. Red6 Nf8 34. e6 Re7 35. Rd7 Kf6 36. Nc5 Rxd4 37. Rxd4 Nxe6 38. Rd6 Ke5 39. Rxe6+ Rxe6 40. Nxe6 Kxe6 41. Kg1 Kd5 42. Kf2 Kc4 43. Kg3 Kb3 44. Kg4 Kxb2 45. Kh5 Ka2 46. Kxh6 b4 47. Kxg5 b3 48. h4 b2 49. h5 b1=Q 50. Kh4 Qe4+ 51.
g4 Qf4 52. Kh3 Qg5 53. Kg3 Kb3 54. Kf3 Kc4 55. Kg3 Kd5 56. Kh3 Ke5 0-1

[Event "Late-Titled-Tuesday-Blitz-April-23-2024"]
[Site "Chess.com"]
[Date "2024.04.23"]
[Round "9"]
[White "Sanyura"]
[Black "Vladimir_2020"]
[Result "1-0"]
[WhiteElo "2653"]
[BlackElo "2754"]
[TimeControl "180+1"]
[EndTime "15:46:39 PDT"]
[Termination "Sanyura won on time"]

1. e4 e5 2. Nf3 Nc6 3. Bb5 Nf6 4. O-O Nxe4 5. d4 Nd6 6. Bxc6 dxc6 7. dxe5 Nf5 8.
Qxd8+ Kxd8 9. Rd1+ Ke8 10. b3 h6 11. Bb2 Be6 12. Nc3 Bb4 13. Ne2 Rd8 14. c4 Be7 15. h3 h5 16. Ned4 Nxd4 17. Bxd4 b6 18. Be3 Rxd1+ 19.
Rxd1 c5 20. Ng5 Bf5 21. Bf4 h4 22. e6 f6 23. Nf7 Rh5 24. Bxc7 Bxe6 25. Nd6+ Bxd6 26.
Bxd6 Bf5 27. Bb8 a6 28. Ba7 b5 29. Bxc5 bxc4 30. bxc4 Bc2 31. Re1+ Kd7 32. Be3 Ra5 33. Re2 Rxa2 34. Rd2+ Ke6 35. Kh2 g5 36. c5 Bb3 37.
Rd6+ Ke7 38. Bd4 Be6 39. Rb6 Rd2 40. Be3 Rc2 41. Rxa6 Kf7 42. Ra7+ Kg6 43. Ra6 Kf5 44.
Rd6 1-0

[Event "Late-Titled-Tuesday-Blitz-April-23-2024"]
[Site "Chess.com"]
[Date "2024.04.23"]
[Round "9"]
[White "theredking89"]
[Black "contrerasfiorella"]
[Result "1-0"]
[WhiteElo "2798"]
[BlackElo "2240"]
[TimeControl "180+1"]
[EndTime "15:46:45 PDT"]
[Termination "theredking89 won by resignation"]

1. e4 c6 2. Nc3 d5 3. Nf3 Bg4 4. h3 Bxf3 5. Qxf3 e6 6. Be2 Bc5 7. O-O Nd7 8. Rd1 Bd4 9. Qg3 Ne7 10. d3 O-O 11. Bf1 f5 12. Ne2 Bf6 13. exd5 exd5 14.
d4 Ng6 15. Nf4 Bh4 16. Qf3 Nxf4 17. Bxf4 Qf6 18. c3 Rae8 19. Re1 Qg6 20. Bd3 Nf6 21. Bd6 Ne4 22. Bxf8 Bxf2+ 23. Kh2 Bg3+ 24. Kg1 Bxe1 25.
Rxe1 Rxf8 26. Qf4 Qf6 27. Rf1 g6 28. Qc7 Qf7 29. Qe5 Qg7 30. Qe6+ Qf7 31. Qe5 Qg7 32. Qf4 Qe7 33. Re1 Kg7 34. Re2 Rf7 35. Re1 Qf6 36. Rf1 Qg5 37. Qe5+ Qf6 38. Qf4 Qd6 39. Qe3 Qg3 40.
Rf3 Qg5 41. Rf4 Qg3 42. Rxe4 fxe4 43. Qxg3 exd3 44. Qxd3 Re7 45. Kh2 b6 46. Qg3 Kf6 47. Qh4+ Ke6 48. Qf4 Rf7 49. Qe5+ Kd7 50. b4 Re7 51. Qf6 Re6 52. Qh8 Re7 53. b5 cxb5 54. Qf8 Kd6 55. Qf4+ Kd7 56. Qf6 Re6 57. Qf7+ Kd6 58.
Qxa7 Kc6 59. Qa8+ Kc7 60. Qa7+ Kc6 61. Qxh7 b4 62. cxb4 Kb5 63. Qd7+ Kxb4 64. Qxe6 1-0

[Event "Late-Titled-Tuesday-Blitz-April-23-2024"]
[Site "Chess.com"]
[Date "2024.04.23"]
[Round "9"]
[White "mishanick"]
[Black "Shankland"]
[Result "1-0"]
[WhiteElo "3161"]
[BlackElo "3058"]
[TimeControl "180+1"]
[EndTime "15:46:49 PDT"]
[Termination "mishanick won by resignation"]

1. d4 d5 2. c4 c6 3. Nc3 Nf6 4.
Nf3 Nbd7 5. e3 e6 6. Qc2 b6 7.
cxd5 exd5 8. Bd3 Bb7 9. O-O Be7 10. b3 O-O 11. Bb2 Rc8 12. Rac1 Re8 13. Qb1 c5 14. Ne2 Bd6 15. Ng3 Bb8 16. Bf5 g6 17. Bh3 c4 18. bxc4 dxc4 19. Ne5 b5 20. Ba1 a6 21. Nxc4 Bxg3 22. hxg3 Be4 23. Qb2 Rxc4 24. d5 Ne5 25. Rxc4 bxc4 26. f4 Nxd5 27. fxe5 c3 28. Qf2 Qc7 29. e6 f5 30. g4 Rxe6 31. gxf5 gxf5 32.
Rc1 Qe5 33. Qe1 Rc6 34. Rd1 Qf6 35. Qg3+ Kf7 36. Qb8 Qg5 37. Re1 Rg6 38. Bxc3 Bxg2 39. Qb7+ Ke8 40. Qc8+ Kf7 41. Qb7+ Ke8 42. Qc8+ Qd8 43.
Qxd8+ Kxd8 44. Ba5+ Ke7 45. Bxg2 Kd6 46. Rd1 Ke6 47.
Rxd5 Rxg2+ 48. Kxg2 Kxd5 49. Kf3 h5 50. Kf4 Ke6 51.
Bc3 h4 52. Be1 h3 53. Bg3 Kf6 54. Bh2 Ke6 55. Kg5 a5 56. a4 1-0

[Event "Late-Titled-Tuesday-Blitz-April-23-2024"]
[Site "Chess.com"]
[Date "2024.04.23"]
[Round "9"]
[White "Binary010"]
[Black "Artem_Koval"]
[Result "1/2-1/2"]
[WhiteElo "2829"]
[BlackElo "2592"]
[TimeControl "180+1"]
[EndTime "15:46:49 PDT"]
[Termination "Game drawn by repetition"]

1. e4 c5 2. Nf3 d6 3. Bb5+ Nd7 4. a4 Nf6 5. Nc3 e6 6. d4 cxd4 7. Qxd4 Be7 8. O-O O-O 9. Rd1 a6 10. Bf1 Qc7 11. a5 Ne5 12. Nxe5 dxe5 13. Qc4 Qxc4 14. Bxc4 Bd7 15. f3 Rac8 16. Bd3 Bc5+ 17.
Kf1 Rfd8 18. Bd2 Bd4 19. Ne2 Bb5 20. Bxb5 axb5 21. c3 Bc5 22. Nc1 Rd7 23. Nb3 Ba7 24.
Be1 Rxd1 25. Rxd1 Kf8 26. Bf2 Bxf2 27. Kxf2 Ke7 28. Ke3 Ne8 29. Nc1 Nd6 30. Nd3 Nc4+ 31. Ke2 Nxa5 32. Nxe5 Nc6 33. Nxc6+ bxc6 34. Ra1 Rc7 35.
Ra6 Kd6 36. Kd3 e5 37. b4 Rd7 38. c4 Kc7+ 39. Kc3 bxc4 40. Ra7+ Kd6 41. Rxd7+ Kxd7 42. Kxc4 Kd6 43. h4 h5 44. g3 f6 45. g4 g6 46. b5 cxb5+ 47. Kxb5 Kd7 48. Kc5 Kc7 49. Kd5 Kd7 50. Kc5 Kc7 51. Kd5 Kd7 52. Kc5 1/2-1/2

[Event "Late-Titled-Tuesday-Blitz-April-23-2024"]
[Site "Chess.com"]
[Date "2024.04.23"]
[Round "9"]
[White "Sokoloco"]
[Black "Valiyev_Shahin"]
[Result "1-0"]
[WhiteElo "2786"]
[BlackElo "2567"]
[TimeControl "180+1"]
[EndTime "15:46:50 PDT"]
[Termination "Sokoloco won by checkmate"]

1. b3 d5 2. Nf3 Nf6 3. e3 e6 4. d4 Be7 5. Nbd2 O-O 6. Bd3 b6 7. Ne5 Bb7 8. O-O c5 9. Bb2 Nbd7 10. f4 Ne4 11. dxc5 Bxc5 12. Bd4 Nxe5 13. fxe5 Bxd4 14. exd4 Qg5 15. Bxe4 dxe4 16. Nc4 Ba6 17. Qe2 Rac8 18. Rad1 Rfd8 19. Rfe1 Qg6 20. Rf1 Qg5 21. Rf2 h5 22.
c3 h4 23. Qxe4 Bxc4 24. bxc4 Rxc4 25. Qb7 Qh5 26. Rdf1 Rf8 27. Qxa7 Rxc3 28. Qxb6 h3 29. Qb2 Rd3 30. gxh3 Qxh3 31. Rf4 Qh7 32. Qg2 Rh3 33. Qf2 Rh6 34. Kh1 g6 35. a4 g5 36. Rg4 Rh5 37.
Rfg1 Qg6 38. Qe3 Ra8 39. Rxg5 Rxg5 40. Rxg5 Rxa4 41. Rxg6+ fxg6 42. Kg2 Kf7 43. Kg3 Rc4 44. Kg4 Rc2 45. h4 Rg2+ 46. Kf4 Rh2 47. Qg3 Rd2 48. Kg5 Rxd4 49. Qf2+ Kg8 50. Qxd4 Kh7 51. Qd7+ Kg8 52. Kxg6 Kf8 53. Qf7# 1-0

[Event "Late-Titled-Tuesday-Blitz-April-23-2024"]
[Site "Chess.com"]
[Date "2024.04.23"]
[Round "9"]
[White "Balla_Tamas"]
[Black "temiksmozg"]
[Result "1/2-1/2"]
[WhiteElo "2560"]
[BlackElo "2710"]
[TimeControl "180+1"]
[EndTime "15:46:51 PDT"]
[Termination "Game drawn by repetition"]

1. e4 c5 2. c3 d5 3. exd5 Qxd5 4.
d4 Nf6 5. Nf3 Bg4 6. Be2 e6 7.
Be3 cxd4 8. cxd4 Nc6 9. Nc3 Qd6 10. h3 Bh5 11. O-O Be7 12. a3 O-O 13. Qb3 b6 14. Rad1 Rac8 15. d5 Na5 16. Qb5 e5 17. Nd2 Bxe2 18.
Qxe2 Nxd5 19. Nb5 Qb8 20. Ne4 Nf6 21. Ned6 Rcd8 22. Nf5 Bc5 23. Bg5 Rxd1 24. Rxd1 Qc8 25. Qf3 e4 26. Qf4 Nh5 27. Qg4 g6 28. Nh6+ Kg7 29. Qxe4 Nc6 30. Ng4 f5 31. Bh6+ Kh8 32. Qc4 fxg4 33. hxg4 Nf6 34. g5 Bxf2+ 35. Kh1 Ne5 36.
Qxc8 Rxc8 37. gxf6 Nf7 38. Bg7+ Kg8 39. Rd7 Bg3 40. Nc3 Be5 41. Rxa7 h6 42. g4 g5 43. Nd5 Rc1+ 44. Kg2 Rc2+ 45. Kf3 Rxb2 46. Ne7+ Kh7 47. Nf5 Kg6 48. Ne7+ Kh7 49. Nd5 Kg6 50.
Ne7+ Kh7 1/2-1/2

[Event "Late-Titled-Tuesday-Blitz-April-23-2024"]
[Site "Chess.com"]
[Date "2024.04.23"]
[Round "9"]
[White "TigrVShlyape"]
[Black "MyDream003"]
[Result "1-0"]
[WhiteElo "3025"]
[BlackElo "2828"]
[TimeControl "180+1"]
[EndTime "15:46:53 PDT"]
[Termination "TigrVShlyape won on time"]

1. d4 Nf6 2. Bf4 b6 3. e3 Bb7 4.
Nf3 g6 5. c3 Bg7 6. Nbd2 O-O 7.
h3 c5 8. Bd3 d5 9. O-O Nbd7 10.
Qb1 e6 11. a4 a6 12. b4 c4 13. Bc2 Re8 14. Re1 Rc8 15. Ne5 Nxe5 16. Bxe5 Nd7 17.
Bxg7 Kxg7 18. f4 Nf6 19. a5 b5 20. Rf1 Qe7 21. Rf2 h5 22. g3 Ng8 23. Nf3 Nh6 24.
Qe1 f6 25. Rg2 f5 26. Ne5 Nf7 27. g4 Nxe5 28. fxe5 fxg4 29. hxg4 h4 30. g5 Rh8 31. Qf2 Rcg8 32. Kh2 Rh5 33. Qf6+ Qxf6 34. gxf6+ Kf7 35. Rag1 Rh6 36. Rg5 Bc6 37. Kh3 Be8 38. R5g4 Kf8 39. Rxh4 Rgh8 40. Rxh6 Rxh6+ 41. Kg3 g5 42. Kf2 Rh2+ 43.
Rg2 Rxg2+ 44. Kxg2 Bh5 45. Kg3 Kf7 46. Bh7 Bd1 47. Bb1 Bh5 48. Bc2 Kf8 49. Kf2 Kf7 50.
Ke1 Bf3 51. Bd1 Be4 52. Kf2 Kf8 53. Kg3 Bf5 54. Bh5 Kg8 55. Be8 Kf8 56. Bxb5 1-0

[Event "Late-Titled-Tuesday-Blitz-April-23-2024"]
[Site "Chess.com"]
[Date "2024.04.23"]
[Round "9"]
[White "DeTimmerman"]
[Black "DominguezOnYoutube"]
[Result "0-1"]
[WhiteElo "2760"]
[BlackElo "2962"]
[TimeControl "180+1"]
[EndTime "15:46:56 PDT"]
[Termination "DominguezOnYoutube won by resignation"]

1. b4 e5 2. Bb2 Bxb4 3. Bxe5 Nf6 4. Nc3 O-O 5. Bxf6 Qxf6 6. Nd5 Qd6 7. c4 Ba5 8. e3 c6 9. Nf4 Bc7 10. Be2 Qh6 11. Nd3 Rd8 12. Nf3 d5 13. cxd5 Rxd5 14.
Nb4 Rd8 15. d4 c5 16. Qc2 Qb6 17. Qxc5 Qxc5 18. dxc5 Ba5 19. a3 Nc6 20. Rb1 Bf5 21. Rb2 Rd5 22. O-O Rxc5 23. Nxc6 bxc6 24. Nd4 Bc3 25.
Rb7 Bxd4 26. exd4 Rc3 27. Bf3 Be6 28. Ra1 g6 29. h4 a5 30. Rc7 Rd8 31. Rxc6 Rxc6 32.
Bxc6 Rxd4 33. g3 Rc4 34. Bb5 Rc3 35. a4 Bd5 36. Rd1 Bf3 37. Re1 Kg7 38. Bf1 Ra3 39. Re3 Rxe3 40. fxe3 Kf6 41. Bb5 Ke5 42. Kf2 Bg4 43.
Ke1 Ke4 44. Kf2 Kd5 45. Ke1 Kc5 46. Kd2 Kb4 47. Be8 f6 48. e4 Be6 49. Kc1 Bb3 50.
g4 Bxa4 51. Bf7 Bc6 52. g5 fxg5 53. e5 gxh4 54. e6 h3 55. e7 h2 0-1

[Event "Late-Titled-Tuesday-Blitz-April-23-2024"]
[Site "Chess.com"]
[Date "2024.04.23"]
[Round "9"]
[White "rdarruda"]
[Black "Jooonaaas1996"]
[Result "0-1"]
[WhiteElo "2513"]
[BlackElo "2453"]
[TimeControl "180+1"]
[EndTime "15:46:57 PDT"]
[Termination "Jooonaaas1996 won by resignation"]

1. d4 Nf6 2. Nf3 e6 3. e3 c5 4. Bd3 b6 5. O-O Ba6 6. c3 Bxd3 7. Qxd3 d5 8. Nbd2 Nbd7 9. b3 Bd6 10. Bb2 O-O 11. Rac1 e5 12. dxe5 Nxe5 13. Nxe5 Bxe5 14. Nf3 Qc7 15. Rc2 c4 16. Qf5 Rfe8 17. Rd1 g6 18. Qg5 Ne4 19. Qh4 Bf6 20. Qh3 Rad8 21. b4 Bg7 22.
Nd4 Bxd4 23. Rxd4 Qe5 24. Bc1 a5 25. bxa5 bxa5 26. f3 Nc5 27. Bd2 Nd3 28. Qg3 Qxg3 29. hxg3 f5 30. g4 Kf7 31. gxf5 gxf5 32. g4 fxg4 33.
Rxg4 Rg8 34. Rxg8 Rxg8+ 35. Kh2 Rb8 36. e4 dxe4 37. fxe4 Rb1 38. Be3 Ke6 39. Bd4 Rb2 40.
Rxb2 Nxb2 41. Kg3 Nd3 42. Kg4 Nc1 43. a3 Nb3 44. Be3 Ke5 45. Kf3 a4 46. Bf4+ Ke6 47.
Be3 Na1 48. Bd4 h5 49. Kf4 Nc2 50. Bc5 Ne1 51. Kg5 Nd3 52. Bd4 Ne1 53. Kxh5 Nc2 54.
Bg7 Nxa3 55. Kg4 Nb5 56. Bf8 a3 57. Bxa3 Nxa3 58. Kf4 Nb5 59. e5 Nxc3 60. Ke3 Nb5 61. Ke4 c3 62. Kd3 Kxe5 63. Kc2 Kd4 64. Kb3 Kd3 0-1